 Dungeon Crawl Stone Soup version 0.29.1-15-g9cfb28693d (webtiles) character file.

Game seed: 15309718271872339023

15 NamelessAdventurer the Firebug (level 2, -1/20 HPs)
             Began as a Draconian Fire Elementalist on Apr 12, 2023.
             Was a Follower of Jiyva.
             Slain by Crazy Yiuf
             ... wielding a +4 quarterstaff of chaos
              (6 damage)
             ... on level 2 of the Dungeon.
             The game lasted 00:03:08 (398 turns).

NamelessAdventurer the Firebug (DrFE)                Turns: 398, Time: 00:03:09

Health: -1/20      AC:  6    Str: 10    XL:     2   Next: 34%
Magic:  1/5        EV: 12    Int: 15    God:    Jiyva [*.....]
Gold:   4          SH:  0    Dex: 11    Spells: 0/5 levels left

rFire   . . .      SeeInvis .   (no weapon)
rCold   . . .      Faith    .   (no shield)
rNeg    . . .      Spirit   .   (body armour unavailable)
rPois   .          Reflect  .   (helmet restricted)
rElec   .          Harm     .   (no cloak)
rCorr   .          Rampage  .   (no gloves)
Will    .....                   b - +1 pair of boots
Stlth   ++........              (no amulet)
HPRegen 0.86/turn               (no ring)
MPRegen 0.34/turn               (no ring)

@: no status effects
A: AC +4, unfitting armour, cold-blooded
a: Renounce Religion


You were on level 2 of the Dungeon.
You worshipped Jiyva.
Jiyva was aware of your devotion.
You visited 1 branch of the dungeon, and saw 2 of its levels.

You collected 4 gold pieces.

Inventory:

Armour
 b - a +1 pair of boots (worn)
Scrolls
 e - a scroll of vulnerability {unknown}
 f - a scroll of brand weapon {unknown}
Potions
 a - a potion of magic
 c - a potion of lignification {unknown}
 d - a potion of haste {unknown}


   Skills:
 * Level 1.8 Dodging
 * Level 1.8 Stealth
 * Level 2.1 Spellcasting
 * Level 1.2 Conjurations
 * Level 0.2 Transmutations
 * Level 3.4 Fire Magic


You couldn't memorise any spells.
You knew the following spells:

 Your Spells              Type           Power      Damage    Failure   Level
a - Foxfire               Conj/Fire      32%        2x1d5     9%          1
b - Scorch                Fire           22%        2d6       9%          2
c - Wereblood             Tmut           2%         N/A       30%         2

Your spell library contained the following spells:

 Spells                   Type           Power      Damage    Failure   Level
 Apportation              Tloc           2%         N/A       22%         1
 Necrotise                Necr           4%         1d4       22%         1
 Summon Small Mammal      Summ           4%         N/A       22%         1
 Conjure Flame            Conj/Fire      8%         6-21      26%         3
 Sublimation of Blood     Necr           1%         N/A       32%         2
 Inner Flame              Hex/Fire       6%         N/A       32%         3
 Frozen Ramparts          Ice            2%         1d1       54%         3
 Flame Wave               Conj/Fire      8%         2d5       63%         4
 Ice Form                 Ice/Tmut       1%         N/A       91%         4
 Summon Ice Beast         Ice/Summ       1%         N/A       91%         4
 Summon Hydra             Summ           0%         N/A       100%        7


Dungeon Overview and Level Annotations

Branches:
Dungeon (2/15)

Altars:
Jiyva

Annotations:
D:2 Crazy Yiuf


Innate Abilities, Weirdness & Mutations

Your plain brown scales are hard. (AC +4)
You cannot fit into any form of body armour.
You are cold-blooded and may be slowed by cold attacks.


Message History

Your foxfire dissipates!
The foxfire hits the goblin!
The goblin is burned terribly!
You kill the goblin!
Casting: Scorch (safe; 9% risk of failure)
Press: ? - help, Q - select action, (/) - cycle Dir - look around, f - activate Flames lash the ball python.
You kill the ball python!
Things that are here:
a +0 club; a ball python corpse You pick up a book of Cantrips and begin reading...
You add the spells Necrotise, Summon Small Mammal and Apportation to your library.
Okay, then.
Found a hammer.
Found a hammer.
You see here a +0 hammer.
Found seven hammers.
Found a runed translucent door.
You see here a +0 hammer.
Found a hammer.
Crazy Yiuf shouts!
You see here a +0 hammer.
You see here a +0 hammer.
Okay, then.
Found three hammers.
You see here a +0 hammer.
You open the door.
Crazy Yiuf drinks a potion.
Crazy Yiuf goes berserk!
Casting: Scorch (safe; 9% risk of failure)
Press: ? - help, Q - select action, (/) - cycle Dir - look around, f - activate Flames lash Crazy Yiuf.
Crazy Yiuf is lightly wounded.
Crazy Yiuf's fire resistance burns away.
Casting: Scorch (safe; 9% risk of failure)
Press: ? - help, Q - select action, (/) - cycle Dir - look around, f - activate Flames lash Crazy Yiuf.
Crazy Yiuf is lightly wounded.
Crazy Yiuf hits you with a +4 quarterstaff of chaos!
Ouch! That really hurt!
Crazy Yiuf burns you.
* * * LOW HITPOINT WARNING * * *
Crazy Yiuf hits you with a +4 quarterstaff of chaos.
You die...

###...#####..###############
#...# #....# #...# #...P#
##### ##..)# ##)## ##)# #)##
##)# ##### #@## ...). #g#
##### ))) #)))# #).)# #####
####


You could see Crazy Yiuf (berserk, combustible).

Vanquished Creatures
  4 ball pythons
  3 goblins
  A hobgoblin (D:1)
  3 kobolds
  A rat (D:1)
12 creatures vanquished.

Vanquished Creatures (collateral kills)
  4 foxfires (D:1)
4 creatures vanquished.

Vanquished Creatures (others)
  An endoplasm (D:2)
  17 foxfires
  3 plants (D:1)
21 creatures vanquished.

Grand Total: 37 creatures vanquished

Notes
Turn   | Place    | Note
-------+----------+-------------------------------------------
     0 | D:1      | NamelessAdventurer the Draconian Fire Elementalist began
                  | the quest for the Orb.
     0 | D:1      | Reached XP level 1. HP: 14/14 MP: 3/3
   154 | D:1      | Found a faded altar of an unknown god.
   183 | D:1      | Prayed at the altar of an unknown god.
   183 | D:1      | Became a worshipper of Jiyva Jimur the Shapeless
   183 | D:1      | Reached * piety under Jiyva
   217 | D:1      | Reached XP level 2. HP: 20/20 MP: 3/5
   234 | D:1      | Learned a level 2 spell: Scorch
   237 | D:1      | Learned a level 2 spell: Wereblood
   392 | D:2      | Found a runed translucent door.
   393 | D:2      | Noticed Crazy Yiuf
   398 | D:2      | Slain by Crazy Yiuf

Illustrated notes

Levels and vault maps discovered:
D:1:      dpeg_arrival_central, layout_basic,
          shapermc_ecumenical_altar_mp_ritualfount
D:2:      layout_loops_ring, minivault_5, minmay_snake_closets, uniq_jessica,
          uniq_crazy_yiuf_cottage, uniq_robin

Action                   || total
-------------------------++-------
 Cast: Foxfire           ||    12
       Scorch            ||     6
Armor: Skin              ||     3
Dodge: Dodged            ||     9
